 Dungeon Crawl Stone Soup version 0.26-a0-642-g67e99244d3 (webtiles) character file.

Game seed: 17396026890298754504

5636 MrRokkomies the Zephyrmancer (level 10, 0/54 (56) HPs)
             Began as a Tengu Air Elementalist on Sept 23, 2020.
             Was an Elder of Kikubaaqudgha.
             Slain by a cyclops (22 damage)
             ... on level 9 of the Dungeon.
             The game lasted 00:22:43 (12389 turns).

MrRokkomies the Zephyrmancer (TeAE)                Turns: 12389, Time: 00:22:44

HP:   0/54 (56)     AC: 18    Str:  9    XL:     10   Next: 74%
MP:   8/18          EV: 15    Int: 19    God:    Kikubaaqudgha [****..]
Gold: 230           SH: 15    Dex: 14    Spells: 0/19 levels left

rFire    . . .     SeeInvis .   a - +2 trident (protect)
rCold    . . .     Faith    .   s - +2 kite shield
rNeg     . . .     Spirit   .   e - quicksilver dragon scales
rPois    .         Reflect  +   (helmet restricted)
rElec    .         Harm     .   x - +0 cloak
rCorr    .         Rampage  .   h - +0 pair of gloves
MR       +....                  (boots unavailable)
Stlth    +.........             w - amulet of reflection
HPRegen  0.18/turn              (no ring)
MPRegen  0.16/turn              (no ring)

@: protection aura, flying quickly and evasively, quick
A: beak, talons 3, able to fly
a: Stop Flying, Receive Corpses, Renounce Religion


You were on level 9 of the Dungeon.
You worshipped Kikubaaqudgha.
Kikubaaqudgha was greatly pleased with you.
You visited 1 branch of the dungeon, and saw 9 of its levels.
You also visited: Ossuary.

You collected 558 gold pieces.
You spent 328 gold pieces at shops.

Inventory:

Hand Weapons
 a - a +2 trident of protection (weapon)
 b - a +2 spear of venom
 c - a +4 dagger
 r - a +0 glaive
Armour
 e - quicksilver dragon scales (worn)
 h - a +0 pair of gloves (worn)
 s - a +2 kite shield (worn)
 x - a +0 cloak (worn)
Jewellery
 p - an uncursed ring of fire
 w - an amulet of reflection (around neck)
 z - an uncursed amulet of magic regeneration
Wands
 y - a wand of flame (19)
 C - a wand of paralysis (19)
Scrolls
 f - 2 scrolls of enchant weapon
 i - 3 scrolls of enchant armour
 j - 5 scrolls of identify
 n - a scroll of fear
 t - 5 scrolls of immolation
 u - 4 scrolls of remove curse
 A - a scroll of teleportation
 E - a scroll of blinking {unknown}
Potions
 d - 5 potions of flight {unknown}
 g - a potion of stabbing {unknown}
 k - 5 potions of lignification {unknown}
 l - 3 potions of invisibility
 m - a potion of resistance {unknown}
 o - 5 potions of brilliance {unknown}
 q - a potion of heal wounds {unknown}
 v - 3 potions of curing
 B - a potion of ambrosia {unknown}
 D - 3 potions of mutation {unknown}


   Skills:
 * Level 3.1 Fighting
 + Level 10.0 Dodging
 - Level 2.0 Stealth
 * Level 3.0 Shields
 - Level 5.0 Spellcasting
 - Level 8.0 Conjurations
 + Level 2.2 Necromancy
 - Level 12.0 Air Magic


You couldn't memorise any spells.
You knew the following spells:

 Your Spells              Type           Power        Failure   Level
a - Shock                 Conj/Air       ####         2%          1
b - Swiftness             Air            ######..     1%          2
c - Static Discharge      Conj/Air       #####...     9%          3
d - Airstrike             Air            ######....   12%         4
e - Borgnjor's Vile Clut  Necr/Erth      #.........   100%        5
f - Dispel Undead         Necr           ##......     100%        4

Your spell library contained the following spells:

 Spells                   Type           Power        Failure   Level
 Corpse Rot               Necr/Air       N/A          14%         2
 Animate Skeleton         Necr           ##....       56%         1
 Pain                     Necr           ##..         56%         1
 Lightning Bolt           Conj/Air       #####.....   58%         5
 Sublimation of Blood     Necr           ##........   71%         2
 Apportation              Tloc           #.....       86%         1
 Corona                   Hex            #......      86%         1
 Summon Small Mammal      Summ           #...         86%         1
 Vampiric Draining        Necr           ##........   90%         3
 Animate Dead             Necr           ##........   100%        4
 Agony                    Necr           ##......     100%        5
 Excruciating Wounds      Necr           ##........   100%        5
 Death Channel            Necr           ##........   100%        6
 Simulacrum               Ice/Necr       #.........   100%        6


Dungeon Overview and Level Annotations

Branches:
Dungeon (9/15)             Temple (0/1) D:6            Lair (0/6) D:8
Ossuary (visited)
    Orc: D:9-12

Altars:
Ashenzari
Dithmenos
Fedhas
Gozag
Hepliaklqana
Kikubaaqudgha
Makhleb
Nemelex Xobeh
Okawaru
Ru
Uskayaw
Yredelemnul

Shops:
D:5 !   D:6 (([!

Annotations:
D:4 3 runed translucent doors, lilly's ghost, amateur MiMo
D:7 2 transporters, Drevant2's ghost, novice GnWn


Innate Abilities, Weirdness & Mutations

You have a beak for a mouth.
You have claws for feet.
You can fly continuously.


Message History

The cyclops is moderately wounded.
The cyclops throws a large rock.
You reflect the large rock off an invisible shield around you!
The large rock completely misses the cyclops.
You reach to attack!
You hit the cyclops.
The cyclops is moderately wounded.
The cyclops throws a large rock.
The large rock hits you!!
You are too injured to fight recklessly!
Unknown command.
You hit the cyclops. You claw the cyclops, but do no damage.
The cyclops is moderately wounded.
You block the cyclops's attack.
You hit the cyclops. You peck the cyclops, but do no damage.
The cyclops is moderately wounded.
You block the cyclops's attack.
You hit the cyclops. You peck the cyclops.
The cyclops is heavily wounded.
The cyclops hits you!!
You die...
Kikubaaqudgha rasps: "You have failed me!
Welcome... death!"

#........#
#####....#
#.##.# #.##.#
#....# #....#
..##+###....#
.......C....#
.......#@##.#
.C######(...#
#.........#
#.........#
#.........#
#.....>...#
+.........#
#.........#
#####...>.#


You could see a cyclops.

Vanquished Creatures
  An ugly thing (D:6)
  Grinder (D:6)
  A meliai zombie (D:9)
  A hippogriff (D:8)
  5 yaks
  4 orc warriors
  An ice beast (D:5)
  A sky beast (D:9)
  A black bear (D:7)
  A necrophage (D:6)
  5 ogres
  3 centaurs
  2 jellies (D:9)
  5 bullfrogs
  A water moccasin zombie (D:8)
  5 scorpions
  A water moccasin skeleton (D:5)
  6 killer bees
  2 howler monkeys
  An electric eel (D:6)
  A bullfrog zombie (D:5)
  A centaur zombie (Ossuary)
  2 bullfrog skeletons
  7 orc wizards
  4 orc priests
  A gnoll shaman (D:6)
  4 hounds
  Jessica (D:3)
  Natasha (thrice) (D:2)
  9 worker ants
  A killer bee zombie (D:9)
  2 big kobold zombies (Ossuary)
  5 mummies
  8 adders
  7 gnolls
  3 shadow imps
  2 white imps
  2 ufetubi
  An ooze (D:2)
  An adder zombie (D:7)
  3 adder skeletons (D:4)
  4 worms
  4 dart slugs
  3 leopard geckos (D:7)
  40 orcs
  A ball python (D:3)
  3 giant cockroaches
  11 goblins
  5 hobgoblins
  18 jackals
  7 kobolds
  2 quokkas
  7 bats
  7 frilled lizards
  2 gnoll zombies (Ossuary)
  2 goblin zombies
  A hobgoblin zombie (Ossuary)
  A jackal skeleton (D:4)
  2 orc zombies
  A quokka skeleton (D:4)
  A quokka zombie (D:5)
  4 rats
242 creatures vanquished.

Vanquished Creatures (collateral kills)
  An ogre (D:8)
1 creature vanquished.

Vanquished Creatures (others)
  2 fungi (D:4)
  2 plants (D:4)
4 creatures vanquished.

Grand Total: 247 creatures vanquished

Notes
Turn   | Place    | Note
-------+----------+-------------------------------------------
     0 | D:1      | MrRokkomies the Tengu Air Elementalist began the quest for
                  | the Orb.
     0 | D:1      | Reached XP level 1. HP: 10/10 MP: 4/4
   294 | D:1      | Reached XP level 2. HP: 14/15 MP: 6/6
   604 | D:1      | Reached XP level 3. HP: 19/19 MP: 7/7
  1310 | D:1      | Learned a level 2 spell: Swiftness
  1314 | D:1      | Learned a level 3 spell: Static Discharge
  1420 | D:2      | Found an ancient bone altar of Kikubaaqudgha.
  1447 | D:2      | Became a worshipper of Kikubaaqudgha
  1615 | D:2      | Reached XP level 4. HP: 24/24 MP: 1/8
  1673 | D:2      | Noticed Natasha
  1678 | D:2      | Killed Natasha
  1678 | D:2      | Reached skill level 5 in Air Magic
  1785 | D:2      | Noticed Natasha
  1796 | D:2      | Killed Natasha
  1796 | D:2      | Gained mutation: You can fly continuously. [Tengu growth]
  1796 | D:2      | Reached XP level 5. HP: 15/28 MP: 5/9
  1845 | D:2      | Noticed Natasha
  1855 | D:2      | Killed Natasha
  2063 | D:2      | Found a basalt altar of Yredelemnul.
  2298 | D:3      | Reached * piety under Kikubaaqudgha
  2298 | D:3      | Identified Kikubaaqudgha's Incunabulum of Evil
                  | (Kikubaaqudgha gifted it to you on level 3 of the Dungeon)
  2298 | D:3      | Received a gift from Kikubaaqudgha
  2465 | D:3      | Found an iron altar of Okawaru.
  2471 | D:3      | Found a hide-covered altar of Uskayaw.
  2584 | D:3      | Noticed Jessica
  2588 | D:3      | Killed Jessica
  2588 | D:3      | Reached XP level 6. HP: 32/32 MP: 6/11
  2663 | D:3      | Reached skill level 6 in Air Magic
  2797 | D:3      | Found a shattered altar of Ashenzari.
  3131 | D:4      | Found a runed translucent gate.
  3131 | D:4      | Identified the +3 short sword of Putrescence {venom, rF+
                  | Str+4 Stlth+}
  3132 | D:4      | Found a runed translucent gate.
  3132 | D:4      | Found a runed translucent gate.
  3133 | D:4      | Noticed lilly's ghost (amateur MiMo)
  3440 | D:4      | Found an opulent altar of Gozag.
  3511 | D:4      | Learned a level 4 spell: Airstrike
  3685 | D:4      | Found a blossoming altar of Fedhas.
  3947 | D:4      | Reached skill level 5 in Conjurations
  4075 | D:4      | Found a shadowy altar of Dithmenos.
  4246 | D:4      | Found a burning altar of Makhleb.
  4347 | D:4      | Reached XP level 7. HP: 30/36 MP: 12/12
  4651 | D:5      | Entered Level 5 of the Dungeon
  4653 | D:5      | Reached skill level 7 in Air Magic
  4934 | D:5      | Found Labrodoi's Distillery.
  4944 | D:5      | Bought 2 potions of degeneration for 22 gold pieces
  5022 | D:5      | Reached ** piety under Kikubaaqudgha
  5022 | D:5      | Reached XP level 8. HP: 30/41 MP: 8/14
  5151 | D:5      | Reached skill level 8 in Air Magic
  5567 | D:5      | Reached skill level 5 in Dodging
  5907 | D:6      | Found Pooge's Magic Scroll Boutique.
  6064 | D:6      | Found Ehiaschis's Distillery.
  6197 | D:6      | Bought a potion of invisibility for 96 gold pieces
  6301 | D:6      | Found Enuk Goo's Weapon Shoppe.
  6389 | D:6      | Found Gimel's Armour Boutique.
  6395 | D:6      | Noticed Grinder
  6419 | D:6      | Paralysed by Grinder for 4 turns
  6423 | D:6      | Killed Grinder
  6423 | D:6      | Reached skill level 9 in Air Magic
  6486 | D:6      | Reached XP level 9. HP: 17/45 MP: 16/16
  6585 | D:6      | Noticed a purple ugly thing
  6611 | D:6      | Found a staircase to the Ecumenical Temple.
  6649 | D:6      | Killed a cyan ugly thing
  6649 | D:6      | Reached skill level 10 in Air Magic
  7207 | D:6      | Found a sacrificial altar of Ru.
  7405 | D:6      | Reached skill level 5 in Spellcasting
  7587 | D:6      | Reached *** piety under Kikubaaqudgha
  7587 | D:6      | Identified Kikubaaqudgha's Catalogue of Sinister Rituals
                  | (Kikubaaqudgha gifted it to you on level 6 of the Dungeon)
  7587 | D:6      | Received a gift from Kikubaaqudgha
  7787 | D:6      | Found Iseung's Weapon Boutique.
  7793 | D:6      | Bought a +2 trident of protection for 210 gold pieces
  7875 | D:7      | Reached skill level 11 in Air Magic
  8149 | D:7      | Found a transporter.
  8153 | D:7      | Found a transporter.
  8252 | D:7      | Noticed a red ugly thing
  8884 | D:7      | Reached skill level 12 in Air Magic
  8958 | D:7      | Found a hazy altar of Hepliaklqana.
  8979 | D:7      | Noticed Drevant2's ghost (novice GnWn)
  9251 | D:8      | Reached XP level 10. HP: 44/48 MP: 18/18
  9696 | D:8      | Found a sand-covered staircase.
  9707 | Ossuary  | Entered an ossuary
 10112 | Ossuary  | Reached **** piety under Kikubaaqudgha
 10803 | D:8      | Found a sparkling altar of Nemelex Xobeh.
 11080 | D:8      | Found a staircase to the Lair.
 11327 | D:9      | Learned a level 5 spell: Borgnjor's Vile Clutch
 11332 | D:9      | Learned a level 4 spell: Dispel Undead
 11468 | D:9      | Reached skill level 1 in Fighting
 11536 | D:9      | Reached skill level 1 in Shields
 11756 | D:8      | Reached skill level 1 in Necromancy
 12372 | D:9      | Noticed a cyclops
 12381 | D:9      | Reached skill level 10 in Dodging
 12389 | D:9      | Slain by a cyclops

Illustrated notes

Levels and vault maps discovered:
D:1:      saegor_arrival_simple_a, layout_basic
D:2:      layout_rooms, old_standard_altar, yredelemnul_altar_generic,
          uniq_natasha
D:3:      layout_basic, lemuel_doored_altar, grunt_temple_overflow_open,
          grunt_decor_arrowhead, uniq_jessica
D:4:      layout_loops_corners, lemuel_crystal_altar, kennysheep_mini_moat,
          marbit_many_paths, kennysheep_mini, gammafunk_ghost_nasty_kobolds
D:5:      layout_loops_ring, serial_shops, nicolae_shop_waterfront
D:6:      minmay_diamond_boxcup, layout_loops_ring,
          minmay_temple_entry_statues_fountains, serial_shops,
          nicolae_shop_waterfront, shop, shop, nicolae_shop_waterfront, shop,
          nicolae_ru_sacrificial_ziggurat, uniq_grinder
D:7:      layout_rooms, overflow_temple_1_default,
          gammafunk_ghost_abyssal_escape
D:8:      layout_cave_pools, lemuel_round_altar, dpeg_oklobed_lair,
          nicolae_ossuary_entry_giza
D:9:      layout_stronghold, lightli_orcish_oven

Skill      XL: |  1  2  3  4  5  6  7  8  9 10 |
---------------+-------------------------------+-----
Conjurations   | 2 3 4 5 6 8 |  8.0
Dodging        | 3 4 5 7 10 | 10.0
Air Magic      | 5 6 7 9 12 | 12.0
Spellcasting   | 3 4 5 |  5.0
Fighting       | 3 |  3.1
Shields        | 3 |  3.0
Necromancy     | 2 |  2.2
Stealth        | |  2.0

Action                   |  1- 3 |  4- 6 |  7- 9 | 10-12 || total
-------------------------+-------+-------+-------+-------++-------
Melee: Unarmed           |     3 |       |       |       ||     3
       Kick              |     9 |    13 |    50 |    60 ||   132
       Short sword       |     1 |       |       |       ||     1
       Dagger            |    47 |    59 |     2 |       ||   108
       Peck              |     5 |    12 |    28 |    32 ||    77
       Spear             |       |       |   159 |    21 ||   180
       Trident           |       |       |    82 |   220 ||   302
 Cast: Shock             |    39 |    72 |    80 |    19 ||   210
       Swiftness         |       |     1 |     2 |       ||     3
       Static Discharge  |       |       |     8 |    12 ||    20
       Airstrike         |       |       |     8 |     7 ||    15
 Abil: Fly               |       |     1 |       |       ||     1
  Use: Scroll            |       |     9 |     8 |     2 ||    19
       Potion            |       |     1 |     2 |       ||     3
 Stab: Sleeping          |     1 |     1 |     6 |     3 ||    11
Armor: Robe              |     8 |       |       |       ||     8
       Quicksilver drago |     4 |    30 |   101 |    79 ||   214
Dodge: Dodged            |    50 |    46 |   203 |   221 ||   520
Block: Other             |       |       |    20 |    39 ||    59
       Kite shield       |       |       |       |   123 ||   123
       Reflection        |       |       |       |     2 ||     2

Table legend: (Time is in decaauts)
 A = Elapsed time spent in this place.
 B = Non-inter-level travel time spent in this place.
 C = Inter-level travel time spent in this place.
 D = Time resting spent in this place.
 E = Time spent auto-exploring this place.
 F = Levels seen in this place.
 G = Mean time per level.
                   A        B        C        D        E       F      G
               +--------+--------+--------+--------+--------+-----+--------+
         Total |  12060 |  11735 |    325 |   1346 |   8548 |  10 | 1206.0 |
       Dungeon |  11537 |  11212 |    325 |   1268 |   8251 |   9 | 1281.9 |
       Ossuary |    522 |    522 |      0 |     78 |    296 |   1 |  522.0 |
               +--------+--------+--------+--------+--------+-----+--------+

Top non-repeatable levels by time:
     D:6: 2065 daAuts
     D:7: 1654 daAuts
     D:4: 1415 daAuts
     D:8: 1398 daAuts
     D:1: 1339 daAuts
     D:5: 1053 daAuts
     D:3: 1037 daAuts
     D:2: 818 daAuts
     D:9: 754 daAuts
 Ossuary: 522 daAuts
